General information
- name: BNet
- type: Ladder team game (AT/RT)
- host: Battle.net
- saver: JeremiahJohnson
map: GolemsInTheMist
- players: 8
- length: 29:25
- speed: Fast
- version: 1.24 W3XP
- replay type: Public
» download(184 KB)
Players
team 1 (loser)

»
jimjame (
red | 25 APM | 727 actions | 29:24)
4 Death Knight
2 Death Coil
1 Unholy Aura
1 Death Pact
6 Lich
3 Frost Nova
1 Dark Ritual
1 Frost Armor
1 Death and Decay
» actions
| Basic commands | 15 | |
| Build / train | 64 | |
| Enter build submenu | 13 | |
| Enter hero's abilities submenu | 10 | |
| Give item / drop item | 4 | |
| Right click | 380 | |
| Select / deselect | 177 | |
| Use ability | 64 | |
727 total
» units
| Acolyte | 10 | |
| Ghoul | 3 | |
| Crypt Fiend | 12 | |
| Frost Wyrm | 3 | |
28 total
» upgrades
| Creature Attack | 3 | |
| Creature Carapace | 4 | |
| Web | 1 | |
8 total
» buildings
| Altar of Darkness | 1 | |
| Crypt | 1 | |
| Ziggurat | 5 | |
| Graveyard | 1 | |
| Tomb of Relics | 1 | |
| Halls of the Dead | 1 | |
| Spirit Tower | 2 | |
| Nerubian Tower | 1 | |
| Black Citadel | 1 | |
| Sacrificial Pit | 1 | |
| Boneyard | 2 | |
17 total
» build order
00:28 Altar of Darkness
00:33 Crypt
00:38 Ziggurat
01:15 Graveyard
01:45 Ziggurat
02:16 Tomb of Relics
03:34 Ziggurat
03:54 Halls of the Dead
04:35 Spirit Tower
04:39 Nerubian Tower
07:38 Black Citadel
11:01 Ziggurat
12:34 Spirit Tower
12:48 Ziggurat
12:53 Sacrificial Pit
16:39 Boneyard
16:45 Boneyard
» items
| Rod of Necromancy | 2 | |
| Potion of Healing | 4 | |
| Potion of Mana | 4 | |
| Orb of Corruption | 1 | |
11 total
EPIC.MEAL.TIME (
green | 58 APM | 1526 actions | 26:12)
7 Death Knight
3 Death Coil
3 Unholy Aura
1 Animate Dead
» actions
| Assign group hotkey | 15 | |
| Basic commands | 6 | |
| Build / train | 60 | |
| Enter build submenu | 20 | |
| Enter hero's abilities submenu | 7 | |
| Right click | 1043 | |
| Select / deselect | 216 | |
| Select group hotkey | 98 | |
| Use ability | 61 | |
1526 total
» units
| Acolyte | 3 | |
| Ghoul | 9 | |
| Crypt Fiend | 10 | |
| Frost Wyrm | 5 | |
27 total
» upgrades
| Creature Attack | 3 | |
| Web | 1 | |
| Creature Carapace | 3 | |
| Burrow | 1 | |
| Freezing Breath | 1 | |
9 total
» buildings
| Altar of Darkness | 1 | |
| Ziggurat | 8 | |
| Crypt | 2 | |
| Graveyard | 1 | |
| Nerubian Tower | 2 | |
| Tomb of Relics | 1 | |
| Halls of the Dead | 4 | |
| Black Citadel | 1 | |
| Sacrificial Pit | 1 | |
| Boneyard | 2 | |
23 total
» build order
00:07 Altar of Darkness
00:10 Ziggurat
00:33 Crypt
00:59 Graveyard
01:20 Ziggurat
01:27 Nerubian Tower
02:04 Tomb of Relics
03:30 Halls of the Dead
03:31 Halls of the Dead
03:31 Halls of the Dead
04:46 Ziggurat
06:09 Black Citadel
07:40 Sacrificial Pit
07:58 Ziggurat
08:40 Boneyard
08:48 Boneyard
12:01 Ziggurat
12:09 Ziggurat
12:15 Ziggurat
12:33 Ziggurat
16:42 Crypt
» items
| Scroll of Town Portal | 3 | |
| Potion of Mana | 2 | |
| Potion of Healing | 3 | |
8 total

»
THUNDERBOY23 (
pink | 82 APM | 2070 actions | 25:23)
5 Dreadlord
1 Sleep
3 Vampiric Aura
1 Carrion Swarm
3 Death Knight
2 Death Coil
1 Unholy Aura
» actions
| Assign group hotkey | 40 | |
| Build / train | 77 | |
| Enter build submenu | 17 | |
| Enter hero's abilities submenu | 8 | |
| Right click | 1021 | |
| Select / deselect | 225 | |
| Select group hotkey | 614 | |
| Use ability | 68 | |
2070 total
» units
| Acolyte | 3 | |
| Ghoul | 16 | |
| Crypt Fiend | 12 | |
| Frost Wyrm | 15 | |
| Gargoyle | 5 | |
51 total
» upgrades
| Unholy Strength | 1 | |
| Unholy Armor | 1 | |
| Cannibalize | 1 | |
| Freezing Breath | 1 | |
| Web | 1 | |
| Creature Attack | 1 | |
6 total
» buildings
| Crypt | 2 | |
| Altar of Darkness | 1 | |
| Ziggurat | 6 | |
| Tomb of Relics | 1 | |
| Halls of the Dead | 3 | |
| Graveyard | 1 | |
| Nerubian Tower | 1 | |
| Black Citadel | 3 | |
| Sacrificial Pit | 1 | |
| Boneyard | 2 | |
21 total
» build order
00:08 Crypt
00:11 Altar of Darkness
00:26 Ziggurat
01:33 Ziggurat
01:58 Tomb of Relics
03:17 Halls of the Dead
03:17 Halls of the Dead
04:04 Graveyard
04:47 Nerubian Tower
04:50 Ziggurat
06:42 Black Citadel
06:42 Black Citadel
07:46 Sacrificial Pit
09:09 Boneyard
09:11 Boneyard
09:45 Ziggurat
11:59 Ziggurat
12:36 Ziggurat
20:39 Crypt
» items
| Rod of Necromancy | 1 | |
| Dust of Appearance | 1 | |
2 total
Arohn (
purple | 42 APM | 1232 actions | 29:23)
4 Archmage
2 Blizzard
2 Brilliance Aura
» actions
| Basic commands | 33 | |
| Build / train | 91 | |
| ESC pressed | 1 | |
| Enter build submenu | 42 | |
| Enter hero's abilities submenu | 4 | |
| Remove unit from queue | 4 | |
| Right click | 442 | |
| Select / deselect | 537 | |
| Use ability | 78 | |
1232 total
» units
| Peasant | 40 | |
| Knight | 10 | |
| Frost Wyrm | 3 | |
| Crypt Fiend | 2 | |
55 total
» upgrades
| Masonry | 3 | |
| Lumber Harvesting | 2 | |
| Swords | 3 | |
| Animal War Training | 1 | |
| Plating | 3 | |
12 total
» buildings
| Farm | 10 | |
| Lumber Mill | 1 | |
| Altar of Kings | 1 | |
| Scout Tower | 12 | |
| Arcane Tower | 2 | |
| Guard Tower | 7 | |
| Keep | 1 | |
| Town Hall | 2 | |
| Castle | 1 | |
| Barracks | 8 | |
| Blacksmith | 2 | |
| Arcane Vault | 1 | |
48 total
» build order
00:11 Farm
00:41 Lumber Mill
00:49 Farm
01:08 Altar of Kings
01:52 Scout Tower
02:10 Scout Tower
02:25 Arcane Tower
02:41 Arcane Tower
03:34 Farm
03:36 Farm
04:03 Scout Tower
04:11 Scout Tower
04:23 Guard Tower
04:25 Guard Tower
04:35 Scout Tower
04:37 Scout Tower
04:51 Keep
06:07 Town Hall
06:11 Scout Tower
06:13 Scout Tower
07:03 Scout Tower
07:05 Scout Tower
07:33 Scout Tower
07:35 Scout Tower
08:08 Guard Tower
08:25 Town Hall
08:49 Guard Tower
08:52 Guard Tower
09:10 Guard Tower
09:14 Guard Tower
09:51 Castle
11:05 Barracks
11:08 Barracks
11:10 Barracks
11:13 Barracks
11:22 Blacksmith
11:53 Blacksmith
12:20 Farm
12:25 Farm
12:29 Farm
12:33 Farm
12:35 Farm
12:37 Farm
21:31 Arcane Vault
21:42 Barracks
26:00 Barracks
26:03 Barracks
26:04 Barracks
» items
team 2 (winner)

»
JeremiahJohnson (
teal | 76 APM | 2227 actions | 29:25)
10 Tauren Chieftain
3 Shockwave
3 Endurance Aura
1 Reincarnation
3 War Stomp
6 Shadow Hunter
3 Healing Wave
2 Hex
1 Big Bad Voodoo
» actions
| Assign group hotkey | 110 | |
| Basic commands | 52 | |
| Build / train | 83 | |
| ESC pressed | 1 | |
| Enter build submenu | 40 | |
| Enter hero's abilities submenu | 16 | |
| Give item / drop item | 1 | |
| Right click | 887 | |
| Select / deselect | 282 | |
| Select group hotkey | 606 | |
| Use ability | 149 | |
2227 total
» units
| Peon | 12 | |
| Goblin Shredder | 1 | |
| Wind Rider | 12 | |
| Troll Witch Doctor | 4 | |
| Shaman | 4 | |
33 total
» upgrades
| Envenomed Spears | 1 | |
| Reinforced Defenses | 1 | |
| Ranged Weapons | 3 | |
| Armor | 2 | |
| Shaman Training | 2 | |
| Witch Doctor Training | 2 | |
| Liquid Fire | 1 | |
12 total
» buildings
| Altar of Storms | 1 | |
| Orc Burrow | 8 | |
| War Mill | 1 | |
| Voodoo Lounge | 1 | |
| Watch Tower | 23 | |
| Stronghold | 1 | |
| Fortress | 1 | |
| Beastiary | 3 | |
| Spirit Lodge | 2 | |
41 total
» build order
00:12 Altar of Storms
00:24 Orc Burrow
00:54 War Mill
01:17 Voodoo Lounge
02:26 Watch Tower
02:28 Watch Tower
02:35 Orc Burrow
02:38 Watch Tower
03:06 Watch Tower
03:16 Watch Tower
03:54 Watch Tower
04:30 Stronghold
05:02 Watch Tower
05:04 Watch Tower
05:09 Watch Tower
07:19 Fortress
07:54 Beastiary
07:55 Beastiary
08:14 Beastiary
08:16 Orc Burrow
08:52 Orc Burrow
11:01 Orc Burrow
12:53 Orc Burrow
12:55 Spirit Lodge
12:56 Spirit Lodge
13:47 Watch Tower
13:48 Watch Tower
20:21 Watch Tower
20:23 Watch Tower
22:20 Orc Burrow
22:21 Orc Burrow
22:22 Watch Tower
22:22 Watch Tower
22:23 Watch Tower
22:23 Watch Tower
22:49 Watch Tower
22:49 Watch Tower
22:50 Watch Tower
22:50 Watch Tower
22:50 Watch Tower
» items
| Lesser Clarity Potion | 5 | |
| Scroll of Speed | 1 | |
| Healing Salve | 4 | |
| Rod of Necromancy | 1 | |
| Tiny Great Hall | 2 | |
| Scroll of Town Portal | 2 | |
| Orb of Lightning | 1 | |
16 total

»
CommanderLSD87 (
orange | 40 APM | 1179 actions | 29:24)
5 Lich
3 Frost Nova
2 Dark Ritual
» actions
| Assign group hotkey | 22 | |
| Basic commands | 20 | |
| Build / train | 68 | |
| Enter build submenu | 22 | |
| Enter hero's abilities submenu | 5 | |
| Remove unit from queue | 7 | |
| Right click | 562 | |
| Select / deselect | 273 | |
| Select group hotkey | 118 | |
| Use ability | 82 | |
1179 total
» units
| Acolyte | 7 | |
| Ghoul | 9 | |
| Crypt Fiend | 15 | |
| Meatwagon | 7 | |
38 total
» upgrades
| Web | 1 | |
| Unholy Strength | 1 | |
| Creature Attack | 1 | |
| Creature Carapace | 1 | |
| Burrow | 1 | |
5 total
» buildings
| Crypt | 2 | |
| Altar of Darkness | 2 | |
| Ziggurat | 15 | |
| Tomb of Relics | 2 | |
| Nerubian Tower | 1 | |
| Graveyard | 1 | |
| Halls of the Dead | 1 | |
| Spirit Tower | 2 | |
| Slaughterhouse | 1 | |
| Black Citadel | 1 | |
| Necropolis | 1 | |
29 total
» build order
00:08 Crypt
00:11 Altar of Darkness
00:26 Ziggurat
01:25 Tomb of Relics
01:34 Nerubian Tower
01:51 Graveyard
02:54 Ziggurat
03:58 Ziggurat
05:19 Halls of the Dead
07:05 Spirit Tower
10:09 Crypt
10:12 Slaughterhouse
12:37 Ziggurat
18:18 Altar of Darkness
18:21 Ziggurat
18:22 Ziggurat
18:23 Ziggurat
18:25 Ziggurat
18:26 Ziggurat
19:33 Spirit Tower
19:34 Black Citadel
20:15 Tomb of Relics
25:48 Necropolis
27:42 Ziggurat
27:43 Ziggurat
27:45 Ziggurat
27:48 Ziggurat
28:39 Ziggurat
28:40 Ziggurat
» items
| Rod of Necromancy | 1 | |
| Sacrificial Skull | 1 | |
| Potion of Mana | 2 | |
4 total

»
opethtrivium (
yellow | 27 APM | 806 actions | 29:24)
4 Crypt Lord
2 Carrion Beetles
2 Impale
2 Death Knight
1 Death Coil
1 Unholy Aura
» actions
| Assign group hotkey | 4 | |
| Basic commands | 26 | |
| Build / train | 58 | |
| Enter build submenu | 18 | |
| Enter hero's abilities submenu | 6 | |
| Remove unit from queue | 2 | |
| Right click | 287 | |
| Select / deselect | 323 | |
| Select group hotkey | 10 | |
| Use ability | 72 | |
806 total
» units
| Acolyte | 2 | |
| Ghoul | 7 | |
| Crypt Fiend | 4 | |
| Meatwagon | 4 | |
| Necromancer | 10 | |
| Obsidian Statue | 1 | |
28 total
» upgrades
| Unholy Strength | 3 | |
| Unholy Armor | 3 | |
| Web | 1 | |
| Necromancer Training | 3 | |
| Skeletal Longevity | 1 | |
| Exhume Corpses | 1 | |
| Skeletal Mastery | 1 | |
| Disease Cloud | 1 | |
| Creature Attack | 1 | |
| Creature Carapace | 1 | |
| Burrow | 1 | |
17 total
» buildings
| Crypt | 1 | |
| Altar of Darkness | 1 | |
| Ziggurat | 9 | |
| Graveyard | 1 | |
| Halls of the Dead | 1 | |
| Black Citadel | 1 | |
| Temple of the Damned | 2 | |
| Slaughterhouse | 1 | |
| Tomb of Relics | 1 | |
| Spirit Tower | 1 | |
19 total
» build order
00:14 Crypt
00:18 Altar of Darkness
00:25 Ziggurat
01:20 Ziggurat
01:56 Ziggurat
03:12 Ziggurat
03:19 Ziggurat
03:26 Graveyard
03:55 Halls of the Dead
06:18 Ziggurat
06:18 Ziggurat
06:19 Ziggurat
06:20 Ziggurat
07:57 Black Citadel
08:07 Temple of the Damned
08:22 Slaughterhouse
10:09 Temple of the Damned
20:21 Tomb of Relics
20:36 Spirit Tower
N1leRanger (
blue | 27 APM | 796 actions | 29:24)
6 Priestess of the Moon
2 Searing Arrows
2 Trueshot Aura
1 Scout
1 Starfall
» actions
| Build / train | 107 | |
| Enter build submenu | 16 | |
| Enter hero's abilities submenu | 6 | |
| Remove unit from queue | 6 | |
| Right click | 336 | |
| Select / deselect | 295 | |
| Use ability | 30 | |
796 total
» units
| Wisp | 8 | |
| Archer | 47 | |
| Hippogryph | 5 | |
| Glaive Thrower | 1 | |
| Chimaera | 6 | |
| Huntress | 2 | |
| Druid of the Talon | 16 | |
85 total
» upgrades
| Improved Bows | 1 | |
| Hippogryph Taming | 1 | |
| Strength of the Moon | 1 | |
| Druid of the Talon Training | 2 | |
| Corrosive Breath | 1 | |
| Vorpal Blades | 1 | |
7 total
» buildings
| Moon Well | 5 | |
| Altar of Elders | 2 | |
| Ancient of War | 1 | |
| Tree of Ages | 1 | |
| Ancient of Wind | 1 | |
| Tree of Eternity | 1 | |
| Hunter's Hall | 1 | |
| Chimaera Roost | 1 | |
| Tree of Life | 1 | |
14 total
» build order
00:22 Moon Well
00:37 Altar of Elders
01:17 Ancient of War
01:46 Moon Well
02:23 Tree of Ages
03:31 Moon Well
04:30 Moon Well
06:16 Ancient of Wind
08:36 Tree of Eternity
08:39 Hunter's Hall
13:00 Altar of Elders
15:38 Chimaera Roost
18:23 Moon Well
23:38 Tree of Life
Chat log
(00:37 / Allies) CommanderLSD87: tower rush
(00:43 / Allies) JeremiahJohnson: this is the worst map for that
(00:47 / Allies) CommanderLSD87: i know
(00:49 / Allies) CommanderLSD87: but im good
(00:55 / Allies) N1leRanger: well then u can do it:P
(00:56 / Allies) JeremiahJohnson: i hope you maphack
(01:01 / Allies) JeremiahJohnson: wait
(01:03 / Allies) JeremiahJohnson: we have no humans
(01:10 / Allies) N1leRanger: no
(01:11 / Allies) CommanderLSD87: ?
(01:11 / Allies) JeremiahJohnson: lol youre undead
(01:27 / Allies) CommanderLSD87: mass
(02:45 / All) EPIC.MEAL.TIME: for the horde
(02:47 / All) EPIC.MEAL.TIME: bitch
(03:29 / Allies) CommanderLSD87: gogo
(03:38 / Allies) N1leRanger: bro i just dont think we have the team for that...
(03:45 / Allies) CommanderLSD87: ?
(03:57 / Allies) N1leRanger: there hero is right there
(04:08 / Allies) N1leRanger: ... woww
(04:37 / Allies) JeremiahJohnson: maphacker just raped u
(04:43 / Allies) CommanderLSD87: no back up
(04:48 / Allies) JeremiahJohnson: lol
(04:50 / Allies) JeremiahJohnson: it was a retarded plan
(05:40 / Allies) N1leRanger: yea that doesnt look like its workin
(05:54 / Allies) CommanderLSD87: u hav no units there
(05:59 / Allies) CommanderLSD87: silence curr
(06:07 / Allies) N1leRanger: ...
(06:09 / Allies) JeremiahJohnson: tower ur mains
(06:10 / Allies) JeremiahJohnson: everyone
(06:47 / Allies) N1leRanger: omw...
(07:14 / Allies) N1leRanger: help teal
(07:29 / Allies) N1leRanger: orange move
(07:33 / Allies) N1leRanger: get your little guys out
(08:17 / Allies) N1leRanger: wow so bad
(08:57 / Allies) N1leRanger: god..
(09:01 / Allies) JeremiahJohnson: needs more towers
(10:40 / Allies) CommanderLSD87: why would u leav the base?
(10:56 / Allies) N1leRanger: why would you wanna tower rush?
(10:59 / Allies) N1leRanger: ...
(11:02 / Allies) CommanderLSD87: u got pwnd
(11:11 / Allies) N1leRanger: you got pwned dude atleast my base is still in tact
(11:25 / Allies) N1leRanger: well now its not
(11:55 / Allies) JeremiahJohnson: 2000 gold elf
(11:55 / Allies) JeremiahJohnson: nice
(12:11 / Allies) CommanderLSD87: pool wood and gold teal
(12:20 / Allies) CommanderLSD87: i mean blu
(12:41 / Allies) JeremiahJohnson: web it u fuck
(13:54 / Allies) CommanderLSD87: b
(14:20 / Allies) N1leRanger: alright so you guys good now?
(14:30 / Allies) CommanderLSD87: dont feed
(14:39 / Allies) N1leRanger: k
(16:40 / Allies) N1leRanger: want me to make ballistas?
(16:50 / Allies) JeremiahJohnson: no
(16:52 / Allies) JeremiahJohnson: get chims and dotts
(18:47 / Allies) N1leRanger: god dammit
(19:25 / Allies) N1leRanger: thanks teal
(19:38 / Allies) N1leRanger: your amazing
(20:44 / Allies) N1leRanger: alright im goin DOTT
(21:17 / Allies) N1leRanger: i need a mine...
(21:32 / Allies) N1leRanger: can i get some gold?
(21:57 / Allies) N1leRanger: anyone?
(22:26 / Allies) N1leRanger: someone gimme gold lol
(22:38 / Allies) N1leRanger: so i can make a gold mine
(22:50 / Allies) N1leRanger: orange wait
(23:11 / Allies) CommanderLSD87: uw
(23:17 / Allies) N1leRanger: can anyone gimme some gold?
(23:19 / Allies) N1leRanger: thanks
(23:47 / Allies) opethtrivium: teal
(26:07 / Allies) N1leRanger: nice
(26:15 / All) JeremiahJohnson: u guys got raped hard lol
(26:16 / Allies) N1leRanger: yay
(26:27 / Allies) N1leRanger: 1-0 on this account lol
(26:29 / All) JeremiahJohnson: knights ftl
(27:33 / All) JeremiahJohnson: protip: if your main mine isnt dead yet
(27:36 / All) JeremiahJohnson: its because you have 4 miners
(27:37 / All) JeremiahJohnson: rofl